Map: King Sejong Station LE

Players

ytdurdtdd

  • Race: Zerg Zerg
  • League: Master

ZestIsBestxx - Winner!

  • Race: Protoss Protoss
  • League: Master

VOD

Have the link to the VOD?

Description

Wat a race!

Time

  • Played on: June 27, 2016, 9:02 p.m.
  • Length: 16:12
Show
View Real Time Build Order
Export as new Build Order

ytdurdtdd Zerg 

Build Orders: Pool First 

Get SALT Encoding   

  12  0:00  Drone  
  13  0:12  Overlord  
  13  0:16  Drone  
  14  0:30  Drone x2  
  14  0:34  Drone  
  17  0:37  Extractor  
  16  0:47  Spawning Pool  
  15  0:51  Drone  
  15  0:55  Drone  
  17  1:07  Drone  
  18  1:31  Hatchery  
  17  1:35  Zergling x4  
  17  1:39  Metabolic Boost  
  19  1:49  Queen  
  21  1:59  Overlord  
  21  2:03  Drone  
  22  2:24  Drone x3  
  22  2:27  Pneumatized Carapace  
  25  2:39  Evolution Chamber  
  25  2:42  Overlord  
  24  2:46  Queen  
  24  2:50  Drone x2  
  28  2:56  Drone  
  29  3:01  Drone x2  
  29  3:02  Drone  
  32  3:07  Zergling x2  
  32  3:12  Zergling x4  
  32  3:17  Zergling x2  
  31  3:23  Zergling x2  
  32  3:29  Baneling Nest, Zergling x2  
  30  3:44  Drone x4  
  32  4:05  Zergling x12  
  38  4:18  Overlord  
  38  4:26  Zergling x6  
  41  4:38  Lair  
  41  5:08  Drone x6  
  41  5:11  Extractor  
  41  5:12  Zergling x12  
  52  5:15  Baneling x3  
  52  5:16  Baneling  
  52  5:20  Baneling  
  52  5:21  Baneling x2  
  52  5:22  Baneling  
  52  5:26  Overlord x2  
  52  5:44  Zergling x8  
  52  5:45  Zergling x6  
  56  5:54  Baneling x4  
  55  6:04  Zergling x10  
  55  6:05  Zergling x6  
  59  6:22  Zergling x4  
  58  6:27  Zergling x4  
  58  6:31  Zergling x4  
  53  6:34  Zergling x2, Baneling x3  
  53  6:35  Baneling  
  54  6:44  Zergling x2  
  54  6:45  Zergling x2  
  56  6:47  Centrifical Hooks  
  56  6:55  Zergling x4  
  58  7:02  Baneling  
  58  7:03  Baneling x5  
  58  7:06  Zergling x4  
  60  7:11  Zergling x2  
  60  7:15  Baneling x2  
  59  7:16  Zergling x2  
  59  7:19  Zergling x8  
  61  7:34  Baneling x2  
  61  7:35  Baneling x3  
  56  7:45  Baneling  
  56  7:46  Baneling  
  56  7:47  Baneling  
  56  7:53  Zergling x2  
  56  7:54  Zergling x6  
  56  7:55  Overlord x3  
  58  8:31  Baneling x4  
  58  8:40  Drone x3  
  58  8:52  Overseer  
  58  8:53  Hatchery  
  53  9:01  Zergling x2  
  53  9:02  Zergling x22  
  55  9:23  Zergling x10  
  56  9:46  Baneling  
  56  9:47  Baneling x3  
  56  9:48  Zergling x14  
  54  10:05  Zergling x8  
  46  10:14  Drone x2  
  48  10:25  Zergling x4  
  48  10:26  Zergling x4  
  51  10:35  Zergling x4  
  48  11:01  Zergling x8  
  48  11:02  Zergling x2  
  36  11:22  Zergling x8  
  37  11:33  Baneling x5  
  37  11:35  Drone  
  37  11:36  Drone x5  
  43  11:43  Zerg Melee Weapons Level 1  
  43  11:59  Zergling x8  
  47  12:01  Zergling x4  
  49  12:10  Zergling x4  
  49  12:12  Zergling x2  
  52  12:16  Baneling x3  
  52  12:18  Baneling x2  
  52  12:19  Baneling  
  52  12:20  Baneling  
  52  12:24  Baneling x3  
  52  12:29  Zergling x2  
  54  12:30  Zergling x2  
  54  12:35  Zergling x4  
  56  12:41  Zergling x4  
  58  12:44  Zergling x2  
  58  12:49  Zergling x4  
  59  12:52  Zergling x2  
  59  12:55  Zergling x2  
  59  12:58  Zergling x2  
  42  12:59  Zergling x2  
  42  13:02  Zergling x2  
  43  13:25  Overseer  
  30  13:41  Zergling x14  
  24  14:21  Baneling x2  
  24  14:43  Drone x3  
  26  14:59  Queen  
  28  15:01  Zergling x2  
  28  15:10  Zergling x2  
  28  15:11  Zergling x2  
  11  15:38  Baneling  
Show
View Real Time Build Order
Export as new Build Order

ZestIsBestxx Protoss - Winner!

Build Orders:  

Get SALT Encoding   

  12  0:01  Probe (Chrono Boost)  
  13  0:12  Probe (Chrono Boost)  
  14  0:20  Pylon  
  14  0:22  Probe (Chrono Boost)  
  15  0:38  Probe (Chrono Boost)  
  15  0:41  Gateway  
  16  0:49  Probe (Chrono Boost)  
  17  0:50  Assimilator  
  17  0:59  Probe (Chrono Boost)  
  18  1:10  Gateway  
  18  1:11  Pylon  
  18  1:17  Probe (Chrono Boost)  
  19  1:30  Cybernetics Core  
  19  1:32  Probe (Chrono Boost)  
  20  1:42  Probe (Chrono Boost)  
  21  1:53  Probe (Chrono Boost)  
  22  2:03  Probe (Chrono Boost)  
  22  2:07  Adept (Chrono Boost)  
  22  2:08  Adept (Chrono Boost)  
  27  2:10  Cybernetics Core  
  26  2:23  Pylon  
  26  2:36  Nexus  
  26  2:38  Warp Gate (Chrono Boost)  
  26  2:43  Adept  
  28  2:46  Adept  
  30  2:52  Pylon  
  30  3:10  Adept  
  32  3:18  Probe  
  33  3:26  Assimilator  
  33  3:29  Twilight Council  
  33  3:30  Probe  
  34  3:42  Probe  
  34  3:48  Probe  
  33  3:54  Probe  
  33  3:55  Robotics Facility  
  33  3:58  Probe  
  33  3:59  Gateway  
  34  4:07  Resonating Glaives (Chrono Boost), Probe  
  34  4:09  Probe  
  36  4:19  Probe x2  
  38  4:26  Pylon  
  38  4:29  Adept  
  38  4:30  Probe  
  38  4:31  Probe  
  41  4:32  Adept  
  44  4:40  Probe  
  44  4:43  Probe  
  46  4:51  Probe  
  47  4:53  Adept x2  
  47  4:57  Probe  
  52  5:01  Probe  
  52  5:06  Warp Prism (Chrono Boost)  
  55  5:09  Probe  
  55  5:12  Probe  
  58  5:26  Adept  
  61  5:30  Pylon  
  61  5:31  Adept  
  45  5:54  Probe  
  44  5:57  Nexus, Probe  
  44  6:00  Pylon  
  44  6:02  Pylon  
  45  6:06  Probe  
  45  6:08  Probe  
  41  6:18  Probe  
  41  6:22  Adept  
  41  6:23  Adept x2  
  29  6:41  Gateway  
  29  6:43  Pylon  
  29  6:45  Sentry  
  29  6:46  Sentry  
  33  6:47  Adept  
  33  6:51  Probe  
  33  6:54  Probe  
  36  6:55  Gateway  
  36  6:57  Immortal (Chrono Boost)  
  36  7:01  Dark Shrine  
  41  7:03  Probe  
  41  7:04  Probe  
  40  7:13  Stalker x2  
  40  7:15  Probe  
  41  7:32  Pylon  
  41  7:36  Adept x2  
  45  7:44  Probe  
  45  7:46  Probe  
  45  7:47  Gateway  
  47  7:55  Observer (Chrono Boost)  
  47  7:56  Probe, Zealot  
  47  7:57  Probe  
  51  7:59  Adept  
  51  8:04  Adept  
  56  8:07  Probe  
  56  8:08  Probe  
  58  8:18  Probe  
  59  8:20  Probe  
  53  8:28  Probe  
  53  8:31  Dark Templar  
  53  8:32  Probe  
  57  8:35  Adept x2  
  57  8:39  Probe  
  62  8:45  Probe  
  63  9:01  Dark Templar  
  65  9:03  Probe  
  65  9:04  Probe  
  67  9:16  Probe  
  66  9:21  Probe  
  53  9:25  Dark Templar  
  53  9:29  Adept x3  
  53  9:30  Archon  
  61  9:34  Adept x2  
  65  9:39  Probe  
  40  10:08  Probe  
  41  10:15  Adept x3  
  41  10:17  Sentry  
  49  10:22  Zealot  
  49  10:27  Nexus, Pylon  
  51  10:39  Adept  
  51  10:40  Adept  
  49  10:54  Adept  
  49  10:55  Adept x2  
  40  11:05  Sentry  
  40  11:07  Sentry  
  37  11:28  Probe  
  37  11:29  Adept x2  
  37  11:30  Adept  
  44  11:46  Probe  
  44  11:47  Probe  
  46  11:51  Zealot  
  48  12:07  Probe  
  48  12:08  Probe  
  50  12:15  Sentry  
  50  12:17  Adept  
  54  12:25  Probe  
  55  12:39  Sentry  
  55  12:40  Adept  
  28  13:09  Dark Templar  
  30  13:32  Probe x2  
  30  13:51  Probe  
  31  13:56  Probe  
  32  14:03  Probe  
  32  14:08  Probe  
  34  14:11  Assimilator  
  34  14:15  Probe, Adept x3  
  34  14:16  Sentry, Assimilator  
  43  14:20  Sentry, Probe  
  46  14:27  Probe  
  47  14:32  Probe  
  48  14:39  Probe  
  48  14:45  Probe  
  50  14:48  Stalker  
  50  14:51  Probe  
  53  14:57  Probe  
  54  15:03  Probe  
  55  15:09  Probe  
  56  15:15  Probe  
  57  15:25  Adept x2  
  61  15:34  Pylon  
  61  15:36  Pylon  
  61  15:38  Pylon  
  56  15:53  Dark Templar  
  56  15:54  Dark Templar  
Tags
 
Add a new tag
Caveats
  • Supply blocks, unpowered buildings, or Contaminate may cause inaccurate times.
  • Supply counts are checked every 10 seconds.